 Dungeon Crawl Stone Soup version 0.27.1-4-g1640c2035a (webtiles) character file.

Game seed: 11219451773844108097

1 ABBCCCDDDD the Sneak (level 1, 0/20 HPs)
             Began as a Hill Orc Delver on Nov 1, 2021.
             Slain by a kobold (1 damage)
             ... on level 5 of the Dungeon.
             The game lasted 00:00:28 (56 turns).

ABBCCCDDDD the Sneak (Hill Orc Delver)                Turns: 56, Time: 00:00:28

Health: 0/20       AC:  3    Str: 14    XL:     1   Next: 20%
Magic:  1/1        EV: 11    Int: 10    God:
Gold:   0          SH:  0    Dex: 12    Spells: 0/0 levels left

rFire    . . .     SeeInvis .   a - +0 hand axe
rCold    . . .     Faith    .   (no shield)
rNeg     . . .     Spirit   .   b - +0 leather armour
rPois    .         Reflect  .   (no helmet)
rElec    .         Harm     .   (no cloak)
rCorr    .         Rampage  .   (no gloves)
Will     .....                  (no boots)
Stlth    ++........             (no amulet)
HPRegen  0.06/turn              (no ring)
MPRegen  0.07/turn              (no ring)

@: no status effects
A: no striking features
a: no special abilities


You were on level 5 of the Dungeon.
You visited 1 branch of the dungeon, and saw 1 of its levels.

Inventory:

Hand Weapons
 a - a +0 hand axe (weapon)
Armour
 b - a +0 leather armour (worn)
Wands
 g - a wand of digging (3)
Scrolls
 c - a scroll of fog
 d - a scroll of magic mapping
 e - a scroll of fear
Potions
 f - a potion of haste
 h - a potion of curing {unknown}


   Skills:
 + Level 3.6 Fighting
 * Level 2.8 Axes
 + Level 0.1 Armour
 - Level 1.5 Dodging
 - Level 4.1 Stealth


You couldn't memorise any spells.
You didn't know any spells.
Your spell library was empty.

Dungeon Overview and Level Annotations

Branches:
Dungeon (5/15)
 Temple: D:4-7

Altars:


Message History

The boomerang hits you but does no damage.
An orc wizard comes into view. It is wielding a +0 dagger.
The orc throws a boomerang.
The boomerang hits you. The jackal closely misses you.
A jackal comes into view.
The jackal closely misses you.
The jackal moves out of view.
The kobold barely misses you. The kobold closely misses you.
The orc hits you with a +0 dagger.
The jackal bites you but does no damage.
Found an escape hatch in the floor.
The jackal bites you but does no damage.
A bullfrog zombie comes into view.
The orc wizard shouts!
A kobold opens the door.
The orc wizard points at you and mumbles some strange words.
You resist with significant effort. The jackal bites you. The jackal bites you.
The jackal bites you. The kobold closely misses you.
You closely miss the kobold. You hit the jackal. The jackal bites you.
The kobold barely misses you. The jackal bites you.
You hit the kobold.
The kobold is moderately wounded.
You closely miss the jackal. The kobold hits you with a +0 club.
* * * LOW HITPOINT WARNING * * *
The jackal bites you but does no damage.
You hit the kobold.
You kill the kobold!
You hit the jackal. The jackal bites you.
* * * LOW HITPOINT WARNING * * *
The jackal closely misses you.
You see here a +0 club.
The jackal bites you.
* * * LOW HITPOINT WARNING * * *
The jackal bites you but does no damage.
A kobold comes into view. It is wielding a +0 club.
The kobold moves out of view.
The kobold hits you with a +0 dagger.
You die...

.Z.....##
.......###############
........goKog.o......#
+###...########g#####.
##........>.........
#g##.....o..(####..
#.##...O.....#
'.....Kh.....# .
.#.##...@.....#.#
.#.......?....#.##
.##......##........ .
###+###.###.#...........
#.#.......###.............
......#.........##..##....
?.....#.........#.>....# #
...............#..#....#
....##...g..#######...(≈≈≈


You could see an ogre, an orc, a jackal, a hobgoblin and a kobold.

Levels and vault maps discovered:
D:5:      cheibrodos_thug_alley, layout_rooms, regret_index_temple_of_mockery,
          okawaru_trees_2, kennysheep_flooded_box

Notes
Turn   | Place    | Note
-------+----------+-------------------------------------------
     0 | D:5      | ABBCCCDDDD the Hill Orc Delver began the quest for the Orb.
     0 | D:5      | Reached XP level 1. HP: 19/19 MP: 1/1
    22 | D:5      | Noticed an ogre
    31 | D:5      | Noticed an orc wizard
    52 | D:5      | HP: 1/20 [jackal (2)]
    56 | D:5      | Slain by a kobold

Table legend: (Time is in decaauts)
 A = Elapsed time spent in this place.
 B = Non-inter-level travel time spent in this place.
 C = Inter-level travel time spent in this place.
 D = Time resting spent in this place.
 E = Time spent auto-exploring this place.
 F = Levels seen in this place.
 G = Mean time per level.
                   A        B        C        D        E       F      G
               +--------+--------+--------+--------+--------+-----+--------+
         Total |     56 |     56 |      0 |      0 |      1 |   1 |   56.0 |
       Dungeon |     56 |     56 |      0 |      0 |      1 |   1 |   56.0 |
               +--------+--------+--------+--------+--------+-----+--------+

Top non-repeatable levels by time:
     D:5: 56 daAuts

Table legend:
 A = Kills in this place as a percentage of kills in entire the game.
 B = Kills by you in this place as a percentage of kills by you in the entire game.
 C = Kills by friends in this place as a percentage of kills by friends in the entire game.
 D = Other kills in this place as a percentage of other kills in the entire game.
 E = Experience gained in this place as a percentage of experience gained in the entire game.
 F = Experience gained in this place divided by the number of levels of this place that you have seen.
                   A       B       C       D       E      F
               +-------+-------+-------+-------+-------+----------------------
         Total | 100.0 | 100.0 |   N/A |   N/A | 100.0 |   2.0
       Dungeon | 100.0 | 100.0 |   N/A |   N/A | 100.0 |   2.0
               +-------+-------+-------+-------+-------+----------------------

Action                   || total
-------------------------++-------
Melee: Hand axe          ||     4
Armor: Leather armour    ||     6
Dodge: Dodged            ||     8

Vanquished Creatures
  A kobold (D:5)
1 creature vanquished.
